 Dungeon Crawl Stone Soup version 0.23.1-38-g628c18f (webtiles) character file.

Game seed: 293451773802675888

3122 dvd the Magician (level 9, 0/65 HPs)
             Began as a Demonspawn Skald on Mar 28, 2019.
             Was a Believer of Qazlal.
             Slain by a two-headed ogre
             ... wielding a +0 giant club
              (11 damage)
             ... on level 8 of the Dungeon.
             The game lasted 00:20:01 (5659 turns).

dvd the Magician (Demonspawn Skald)                 Turns: 5659, Time: 00:20:01

Health: 0/65       AC: 11    Str: 16    XL:     9   Next: 60%
Magic:  9/18       EV: 12    Int: 14    God:    Qazlal [**....]
Gold:   492        SH:  2    Dex: 15    Spells: 9/20 levels left

rFire    . . .     SeeInvis .   l - +2 whip (elec)
rCold    . . .     Gourm    .   (no shield)
rNeg     . . .     Faith    .   r - +3 ring mail
rPois    +         Spirit   .   y - +0 hat
rElec    .         Reflect  .   (no cloak)
rCorr    .         Harm     .   (no gloves)
MR       .....                  (no boots)
Stlth    +.........             (no amulet)
HPRegen  0.20/turn              p - +3 ring of strength
MPRegen  0.16/turn              T - ring of poison resistance

@: infused
A: claws 2, molten scales 2, spiny 2
a: Upheaval, Renounce Religion


You were on level 8 of the Dungeon.
You worshipped Qazlal.
Qazlal was pleased with you.
You were not hungry.

You visited 2 branches of the dungeon, and saw 9 of its levels.
You also visited: Sewer.

You collected 492 gold pieces.

Inventory:

Hand Weapons
 a - a +0 hand axe
 b - a cursed +0 spear
 l - a +2 whip of electrocution (weapon)
 u - a +2 whip of pain
 B - a +0 whip of flaming
 C - a +0 war axe
 O - a +4 trident
 P - a +2 falchion of protection
Armour
 m - a +0 ring mail of positive energy
 r - a +3 ring mail (worn)
 y - a +0 hat (worn)
 D - a +0 shield
Magical Staves
 S - an uncursed staff of air
Jewellery
 i - an uncursed ring of magical power
 p - a +3 ring of strength (left claw)
 K - an uncursed ring of resist corrosion
 T - a ring of poison resistance (right claw)
Wands
 F - a wand of enslavement (4)
Scrolls
 c - 2 scrolls of enchant weapon {unknown}
 e - 9 scrolls of identify {unknown}
 f - a scroll of fog {unknown}
 g - 5 scrolls of teleportation {unknown}
 h - 2 scrolls of enchant armour {unknown}
 n - 5 scrolls of magic mapping {unknown}
 x - a scroll of random uselessness {unknown}
 z - 4 scrolls of amnesia {unknown}
 E - a scroll of fear {unknown}
 G - 2 scrolls of remove curse {unknown}
 Q - a scroll of holy word {unknown}
 R - a scroll of brand weapon {unknown}
Potions
 j - 9 potions of curing
 k - 6 potions of might {unknown}
 o - 3 potions of haste {unknown}
 q - a potion of resistance {unknown}
 s - a potion of magic {unknown}
 t - 3 potions of flight {unknown}
 v - a potion of agility {unknown}
 w - 2 potions of heal wounds {unknown}
 A - 2 potions of brilliance {unknown}
 H - 2 potions of lignification {unknown}
 I - 2 potions of invisibility {unknown}
 J - 2 potions of berserk rage {unknown}
 L - a potion of ambrosia {unknown}
 M - 3 potions of degeneration {unknown}
Comestibles
 d - 19 rations


   Skills:
 + Level 4.0 Fighting
 + Level 2.2(4.0) Axes
 + Level 5.2(5.4) Maces & Flails
 + Level 4.2 Armour
 + Level 3.5 Dodging
 + Level 1.0 Stealth
 + Level 1.2 Shields
 + Level 6.4 Spellcasting
 + Level 5.8 Charms
 + Level 3.1 Necromancy
 + Level 2.1 Translocations


You had 9 spell levels left.
You knew the following spells:

 Your Spells              Type           Power        Failure   Level  Hunger
a - Infusion              Chrm           ###.         2%          1    None
b - Shroud of Golubria    Chrm/Tloc      ###.......   8%          2    #......
c - Song of Slaying       Chrm           ###.....     3%          2    #......
d - Regeneration          Chrm/Necr      ###.......   13%         3    ###....
e - Spectral Weapon       Hex/Chrm       ##......     24%         3    ###....

Your spell library contained the following spells:

 Spells                   Type           Power        Failure   Level  Hunger


Dungeon Overview and Level Annotations

Branches:
Dungeon (8/15)             Temple (1/1) D:5
   Lair: D:8-11

Altars:
Ashenzari
Cheibriados
Dithmenos
Elyvilon
Fedhas
Gozag
Hepliaklqana
Kikubaaqudgha
Makhleb
Nemelex Xobeh
Okawaru
Qazlal
Sif Muna
Trog
Uskayaw
Vehumet
Wu Jian
Xom
Yredelemnul
Zin
The Shining One

Shops:
D:7 %


Innate Abilities, Weirdness & Mutations

You have very sharp fingernails.
You are mostly covered in molten scales. (AC +3)
You are mostly covered in sharp spines.


Message History

You kill the crimson imp!
Qazlal accepts your kill.
A jackal comes into view.
You hit the two-headed ogre.
The two-headed ogre is severely wounded.
The hound bites you.
The two-headed ogre is struck by your spines.
The two-headed ogre barely misses you.
The two-headed ogre hits you with a +0 giant club!!
* * * LOW HITPOINT WARNING * * *
Okay, then.
Unknown command.
The centaur wields a cursed -3 shortbow.
The centaur shoots an arrow.
The arrow hits you.
* * * LOW HITPOINT WARNING * * *
You see here an arrow.
It was a potion of curing.
You feel better. The hound barely misses you.
The hound is struck by your spines. The hound bites you but does no damage.
The two-headed ogre hits you with a +0 giant club!
You die...

..... #..<...... ##.#..##
#.^....... #......#
#......... # .#..#.#
###......... ..###.#.###
#...#.......
.5.#......####.#.........
#.W.........##......
#.#hhOc.....### #..###
#...°@....#..# .##
##..S.#..###.# #
#.#..##.....#
#..##.....#### ....
#####.# #..#. .. ... #..


You could see a two-headed ogre, a hungry ghost, a centaur, a hound, an adder
and a jackal.

Vanquished Creatures
  Grinder (D:3)
  4 hogs (D:7)
  A human (D:7)
  2 orc warriors
  2 phantoms (D:7)
  A necrophage (D:7)
  An ogre (D:4)
  4 centaurs
  A big kobold (D:7)
  2 bullfrogs
  3 scorpions
  4 wights (D:7)
  A crimson imp (D:8)
  A howler monkey (D:5)
  3 hounds
  2 centaur skeletons
  An orc priest (D:7)
  4 orc wizards
  An iguana (D:4)
  5 worker ants
  2 hound skeletons
  A howler monkey zombie (D:7)
  A gnoll (D:1)
  10 adders
  7 river rats (Sewer)
  2 adder skeletons (D:4)
  A worm (D:4)
  5 dart slugs
  8 leopard geckos
  14 orcs
  5 ball pythons
  9 giant cockroaches
  9 goblins
  10 hobgoblins
  6 jackals
  25 kobolds
  3 quokkas
  10 bats
  3 frilled lizards
  A quokka zombie (D:5)
  21 rats
197 creatures vanquished.

Notes
Turn   | Place    | Note
-------+----------+-------------------------------------------
     0 | D:1      | dvd the Demonspawn Skald began the quest for the Orb.
     0 | D:1      | Reached XP level 1. HP: 16/16 MP: 3/3
    83 | D:1      | Gained mutation: You are partially covered in molten
                  | scales. (AC +2) [demonic ancestry]
    83 | D:1      | Reached XP level 2. HP: 11/22 MP: 5/5
   342 | D:1      | Learned a level 2 spell: Shroud of Golubria
   345 | D:1      | Learned a level 2 spell: Song of Slaying
   359 | D:1      | Reached skill level 1 in Armour
   465 | D:1      | Reached XP level 3. HP: 28/28 MP: 6/6
  1595 | D:3      | Gained mutation: You are partially covered in sharp spines.
                  | [demonic ancestry]
  1595 | D:3      | Reached XP level 4. HP: 34/34 MP: 7/7
  1643 | D:3      | Found a glowing drain.
  1687 | Sewer    | Entered a sewer
  1854 | Sewer    | Learned a level 3 spell: Regeneration
  1889 | Sewer    | Reached skill level 1 in Maces & Flails
  1891 | Sewer    | Gained mutation: You are mostly covered in sharp spines.
                  | [demonic ancestry]
  1891 | Sewer    | Reached XP level 5. HP: 36/39 MP: 8/8
  2365 | D:3      | Found a hide-covered altar of Uskayaw.
  2367 | D:3      | Found a snail-covered altar of Cheibriados.
  2372 | D:3      | Noticed Grinder
  2381 | D:3      | Killed Grinder
  2381 | D:3      | Reached skill level 3 in Spellcasting
  2381 | D:3      | Gained mutation: You have sharp fingernails. [demonic
                  | ancestry]
  2381 | D:3      | Reached XP level 6. HP: 27/46 MP: 10/11
  2716 | D:3      | Gained mutation: You are mostly covered in molten scales.
                  | (AC +3) [demonic ancestry]
  2716 | D:3      | Reached XP level 7. HP: 51/51 MP: 12/12
  3023 | D:4      | Reached skill level 4 in Spellcasting
  3148 | D:4      | Found a transporter.
  3154 | D:4      | Found a transporter.
  3164 | D:4      | Found an ornate altar of the Wu Jian Council.
  3164 | D:4      | Found a shadowy altar of Dithmenos.
  3165 | D:4      | Found an opulent altar of Gozag.
  3398 | D:4      | Reached skill level 1 in Translocations
  3455 | D:5      | Entered Level 5 of the Dungeon
  3488 | D:5      | Found a staircase to the Ecumenical Temple.
  3495 | Temple   | Entered the Ecumenical Temple
  3583 | Temple   | Became a worshipper of Qazlal Stormbringer
  3632 | D:5      | Reached XP level 8. HP: 57/57 MP: 15/15
  3938 | D:5      | Found a blossoming altar of Fedhas.
  3988 | D:5      | You fall through a shaft!
  4364 | D:6      | Reached skill level 5 in Charms
  4382 | D:6      | Reached skill level 5 in Spellcasting
  4601 | D:6      | Found a glowing silver altar of Zin.
  4839 | D:7      | Reached * piety under Qazlal
  4859 | D:7      | Reached skill level 1 in Shields
  4903 | D:7      | Found Annes's Food Shoppe.
  5052 | D:7      | Gained mutation: You have very sharp fingernails. [demonic
                  | ancestry]
  5052 | D:7      | Reached XP level 9. HP: 46/64 MP: 17/17
  5069 | D:7      | Reached skill level 1 in Necromancy
  5288 | D:7      | Reached skill level 5 in Maces & Flails
  5288 | D:7      | Reached skill level 6 in Spellcasting
  5295 | D:7      | Reached skill level 1 in Stealth
  5430 | D:7      | Learned a level 3 spell: Spectral Weapon
  5617 | D:8      | Reached ** piety under Qazlal
  5645 | D:8      | Noticed a two-headed ogre
  5659 | D:8      | Slain by a two-headed ogre

Skill      XL: |  1  2  3  4  5  6  7  8  9 |
---------------+----------------------------+-----
Charms         | 3 4 5 |  5.8
Axes           | 2 |  2.2
Armour         | 1 2 3 4 |  4.2
Dodging        | 2 3 |  3.5
Maces & Flails | 1 2 3 4 5 |  5.2
Spellcasting   | 3 4 5 6 |  6.4
Translocations | 1 2 |  2.1
Shields        | 1 |  1.2
Fighting       | 3 4 |  4.0
Necromancy     | 3 |  3.1
Stealth        | 1 |  1.0

Action                   |  1- 3 |  4- 6 |  7- 9 || total
-------------------------+-------+-------+-------++-------
Melee: Hand axe          |    53 |       |       ||    53
       Whip              |    70 |    99 |   170 ||   339
 Cast: Infusion          |     8 |    15 |    15 ||    38
       Shroud of Golubri |     6 |     6 |    18 ||    30
       Song of Slaying   |       |     3 |     6 ||     9
       Regeneration      |       |       |    10 ||    10
       Spectral Weapon   |       |       |     1 ||     1
  Use: Potion            |       |       |     1 ||     1
  Eat: Chunk             |     3 |     5 |    11 ||    19
Armor: Leather armour    |    38 |       |       ||    38
       Ring mail         |     3 |    39 |    54 ||    96
Dodge: Dodged            |    84 |    64 |   125 ||   273
Block: Other             |       |       |     2 ||     2
